 Dungeon Crawl Stone Soup version 0.27.0-1-g7a08968 (webtiles) character file.

Game seed: 12748865428508926239

10857 NeededCrab the Grappler (level 11, -8/94 HPs)
             Began as a Troll Monk on Oct 7, 2021.
             Was a High Priest of Okawaru.
             Engulfed by a cloud of freezing vapour (80 damage)
             ... on level 11 of the Dungeon.
             The game lasted 00:29:48 (8684 turns).

NeededCrab the Grappler (Troll Monk)                Turns: 8684, Time: 00:29:49

Health: -8/94      AC: 15    Str: 21    XL:     11   Next: 41%
Magic:  10/10      EV:  8    Int:  7    God:    Okawaru [*****.]
Gold:   362        SH: 16    Dex: 20    Spells: 10/10 levels left

rFire    + + .     SeeInvis +     - Unarmed
rCold    x . .     Faith    .   u - +0 kite shield
rNeg     . . .     Spirit   .   N - +0 fire dragon scales
rPois    +         Reflect  +   m - +1 hat {SInv}
rElec    .         Harm     .   H - +2 cloak {rPois}
rCorr    .         Rampage  .   (gloves unavailable)
Will     +....                  (boots unavailable)
Stlth    ..........             F - amulet of reflection
HPRegen  1.25/turn              M - ring of willpower
MPRegen  0.12/turn              C - +6 ring of dexterity

@: slowed, studying Fire Magic, very slow
A: large, unfitting armour, claws 3, regeneration 1, shaggy fur 1, tough skin 1
a: Renounce Religion, Heroism, Finesse


You were on level 11 of the Dungeon.
You worshipped Okawaru.
Okawaru was extremely pleased with you.
You visited 2 branches of the dungeon, and saw 12 of its levels.

You collected 602 gold pieces.
You spent 240 gold pieces at shops.

Inventory:

Missiles
 e - 6 silver javelins
 n - a curare-tipped dart
 t - 18 boomerangs (quivered)
 x - 20 poisoned darts
 z - 8 atropa-tipped darts
 I - 3 large rocks
Armour
 m - a +1 hat of see invisible (worn)
 u - a +0 kite shield (worn)
 H - a +2 cloak of poison resistance (worn)
 L - the +0 hat of Inaction {Fly rF- rCorr Str+2}
   (Okawaru gifted it to you on level 9 of the Dungeon)

   Str:       It affects your strength (+2).
   rF:        It makes you vulnerable to fire.
   Fly:       It grants you flight.
   rCorr:     It protects you from acid and corrosion.
 N - +0 fire dragon scales (worn)
Jewellery
 f - an amulet of guardian spirit
 y - a ring of fire
 C - a +6 ring of dexterity (right claw)
 F - an amulet of reflection (around neck)
 M - a ring of willpower (left claw)
 O - a ring of fire
Wands
 o - a wand of iceblast (7)
 p - a wand of mindburst (24)
 s - a wand of flame (51)
 E - a wand of polymorph (7)
 J - a wand of acid (9)
Scrolls
 b - 5 scrolls of teleportation
 h - 2 scrolls of immolation
 k - a scroll of fog
 v - a scroll of summoning
 A - 4 scrolls of fear
 D - a scroll of blinking
Potions
 a - a potion of resistance
 c - 7 potions of curing
 d - 3 potions of brilliance
 g - a potion of haste
 i - 3 potions of heal wounds
 l - a potion of lignification
 q - a potion of invisibility {unknown}
 r - a potion of degeneration {unknown}
 w - a potion of cancellation {unknown}
 B - 2 potions of attraction
Miscellaneous
 G - a phantom mirror


   Skills:
 - Level 2.4 Fighting
 + Level 6.9 Throwing
 - Level 4.5 Armour
 - Level 2.4 Dodging
 - Level 1.0 Stealth
 + Level 6.3 Shields
 * Level 13.3 Unarmed Combat


You had 10 spell levels left.
You didn't know any spells.
Your spell library contained the following spells:

 Spells                   Type           Power      Damage    Failure   Level
 Animate Skeleton         Necr           0%         N/A       95%         1
 Apportation              Tloc           0%         N/A       95%         1
 Corona                   Hex            0%         N/A       95%         1
 Pain                     Necr           0%         1d4       95%         1
 Summon Small Mammal      Summ           0%         N/A       95%         1
 Static Discharge         Conj/Air       0%         N/A       99%         2
 Dazzling Flash           Conj/Hex       0%         N/A       100%        3
 Vampiric Draining        Necr           0%         2d6       100%        3
 Dispel Undead            Necr           0%         3d6       100%        4
 Iskenderun's Mystic Bla  Conj/Tloc      0%         2d3       100%        4
 Sticky Flame             Conj/Fire      0%         2d3       100%        4
 Summon Ice Beast         Ice/Summ       0%         N/A       100%        4
 Summon Mana Viper        Hex/Summ       0%         N/A       100%        5
 Starburst                Conj/Fire      0%         8x6d3     100%        6
 Monstrous Menagerie      Summ           0%         N/A       100%        7


Dungeon Overview and Level Annotations

Branches:
Dungeon (11/15)            Temple (1/1) D:5            Lair (0/6) D:9
    Orc (0/2) D:11

Altars:
Ashenzari
Cheibriados
Dithmenos
Elyvilon
Fedhas
Gozag
Hepliaklqana
Kikubaaqudgha
Makhleb
Nemelex Xobeh
Okawaru
Qazlal
Ru
Sif Muna
Trog
Uskayaw
Vehumet
Wu Jian
Xom
Yredelemnul
Zin
The Shining One

Shops:
D:7 (   D:9 :   D:10 [

Portals:
Bazaar: D:11

Annotations:
D:4 1 runed translucent door, Elepheyn's ghost, amateur GrFi
D:9 3 runed translucent doors, moogleknight's ghost, novice DrCj


Innate Abilities, Weirdness & Mutations

You are too large for most types of armour.
You have claws for hands.
Your natural rate of healing is unusually fast.
You are covered in fur. (AC +1)
You have tough skin. (AC +1)


Message History

You have 362 gold pieces.
You open the door.
Found a scroll labelled ISOV IGEALAHEH.
There is an open door here.
As you open the door, it creaks loudly!
A wraith comes into view.
There is an open door here.
You claw the wraith!
The wraith is moderately damaged.
The wraith hits you. The wraith drains your vigour!
You feel yourself slow down.
You barely miss the wraith.
The wraith is moderately damaged.
You block the wraith's attack.
Your shield and fire dragon scales prevent you from hitting the wraith.
The wraith is moderately damaged.
The wraith hits you! The wraith drains your vigour!
You feel as though you will be slow longer.
The wraith hits you. The wraith drains your vigour!
You feel as though you will be slow longer.
You closely miss the wraith.
The wraith is moderately damaged.
You block the wraith's attack.
You mangle the wraith!!
You destroy the wraith!
Okawaru accepts your kill.
You open the door.
Found a scroll of teleportation.
Found an escape hatch in the floor.
There is an open door here.
You open the door.
Found a flickering gateway to a bazaar.
There is an open door here.
Really walk into a travel-excluded area?
You hear the stately tolling of a bell.
You are engulfed in freezing vapours.
You enter the shallow water.
Moving in this stuff is going to be slow.
You are engulfed in freezing vapours.
Ouch! That really hurt!
You die...

..$..
##########....!
...°°°☼.°○°....
....°○°°°°°○...
.○°°○°°°☼.. #####
.°°°○°.
.....####☼°°##
........○○@.○#
.........°°°.#
.............#
.............#
.............#..
.########'######..#
..................#
?..................
..>...............


There were no monsters in sight!

Vanquished Creatures
  A fire dragon (D:10)
  4 two-headed ogres
  An ugly thing (D:10)
  3 wraiths
  12 yaks
  4 fire bats (D:10)
  A wyvern (D:9)
  A steam dragon (D:8)
  An acid dragon (D:9)
  2 water moccasins (D:8)
  Duvessa (D:7)
  7 orc warriors
  3 necrophages
  A black bear (D:6)
  An ogre (D:5)
  6 centaurs
  A phantom (D:4)
  3 kobold brigands
  Blork the orc (D:4)
  A gnoll sergeant (D:8)
  4 bullfrogs
  2 scorpions (D:5)
  Dowan (D:7)
  A killer bee (D:8)
  3 wights (D:7)
  A howler monkey (D:8)
  3 centaur zombies
  2 jellies (D:5)
  A centaur skeleton (D:5)
  4 orc priests
  A bullfrog skeleton (D:5)
  3 iguanas
  11 orc wizards
  Natasha (D:2)
  A hound skeleton (D:5)
  A howler monkey zombie (D:8)
  Robin (D:2)
  6 adders
  4 white imps
  An ufetubus (D:5)
  A worm (D:3)
  4 dart slugs
  37 orcs
  5 ball pythons
  7 endoplasms
  A giant cockroach (D:2)
  12 goblins
  8 hobgoblins
  10 jackals
  3 quokkas
  6 bats
  3 frilled lizards
  18 kobolds
  5 rats
227 creatures vanquished.

Vanquished Creatures (others)
  A kobold (D:10)
1 creature vanquished.

Grand Total: 228 creatures vanquished

Notes
Turn   | Place    | Note
-------+----------+-------------------------------------------
     0 | D:1      | NeededCrab the Troll Monk began the quest for the Orb.
     0 | D:1      | Reached XP level 1. HP: 22/22 MP: 0/0
   205 | D:1      | Reached XP level 2. HP: 29/29 MP: 1/1
   903 | D:2      | Noticed Robin
   920 | D:1      | Reached skill level 1 in Armour
   940 | D:1      | Reached XP level 3. HP: 33/36 MP: 2/2
   954 | D:1      | Reached skill level 4 in Unarmed Combat
   971 | D:2      | Killed Robin
  1084 | D:2      | Noticed Natasha
  1093 | D:2      | Killed Natasha
  1094 | D:2      | Reached XP level 4. HP: 44/44 MP: 3/3
  1854 | D:3      | Reached skill level 5 in Unarmed Combat
  1854 | D:3      | Reached XP level 5. HP: 50/50 MP: 4/4
  2369 | D:4      | Noticed a phantom
  2386 | D:4      | Killed a phantom
  2440 | D:4      | Reached XP level 6. HP: 58/59 MP: 5/5
  2484 | D:4      | Reached skill level 6 in Unarmed Combat
  2673 | D:4      | Noticed Blork the orc
  2687 | D:4      | Killed Blork the orc
  2899 | D:4      | Noticed Elepheyn's ghost (amateur GrFi)
  2900 | D:4      | Found a runed translucent door.
  3104 | D:5      | Entered Level 5 of the Dungeon
  3123 | D:5      | Reached XP level 7. HP: 66/66 MP: 6/6
  3186 | D:5      | Reached skill level 7 in Unarmed Combat
  3246 | D:5      | Identified the +1 leather armour "Zuleq" {rPois Int+4 Dex-5
                  | SInv}
  3336 | D:5      | Found a staircase to the Ecumenical Temple.
  3346 | Temple   | Entered the Ecumenical Temple
  3611 | Temple   | Became a worshipper of Warmaster Okawaru
  3611 | Temple   | Reached * piety under Okawaru
  3611 | Temple   | Reached ** piety under Okawaru
  3663 | D:5      | Reached skill level 8 in Unarmed Combat
  3731 | D:5      | Reached XP level 8. HP: 74/74 MP: 7/7
  4762 | D:7      | Reached skill level 1 in Throwing
  4762 | D:7      | Reached skill level 1 in Shields
  4762 | D:7      | Reached skill level 9 in Unarmed Combat
  4838 | D:7      | Noticed Dowan
  4840 | D:7      | Noticed Duvessa
  4846 | D:7      | Killed Dowan
  4859 | D:7      | Killed Duvessa
  4908 | D:7      | Found a stormy altar of Qazlal.
  5209 | D:7      | Found Biusulel's Weapon Emporium.
  5315 | D:7      | Reached *** piety under Okawaru
  5347 | D:7      | Reached XP level 9. HP: 50/74 MP: 4/8
  5712 | D:8      | Reached skill level 10 in Unarmed Combat
  5717 | D:8      | Received a gift from Okawaru
  5828 | D:8      | Noticed a two-headed ogre
  6060 | D:8      | Reached **** piety under Okawaru
  6266 | D:8      | Reached skill level 11 in Unarmed Combat
  6286 | D:8      | Reached XP level 10. HP: 66/88 MP: 2/9
  6558 | D:8      | Killed a two-headed ogre
  6558 | D:8      | Reached ***** piety under Okawaru
  6559 | D:8      | Reached skill level 5 in Throwing
  6784 | D:9      | Noticed a two-headed ogre
  6792 | D:9      | Killed a two-headed ogre
  6792 | D:9      | Received a gift from Okawaru
  6793 | D:9      | Reached skill level 5 in Shields
  6793 | D:9      | Reached skill level 12 in Unarmed Combat
  6940 | D:9      | Found a staircase to the Lair.
  6956 | D:9      | Found a runed translucent gate.
  6958 | D:9      | Found a runed translucent gate.
  6958 | D:9      | Found a runed translucent gate.
  6958 | D:9      | Found an opulent altar of Gozag.
  6958 | D:9      | Noticed moogleknight's ghost (novice DrCj)
  6989 | D:9      | Found Pereluyziw's Book Emporium.
  7043 | D:9      | Identified the +0 hat of Inaction {Fly rF- rCorr Str+2}
                  | (Okawaru gifted it to you on level 9 of the Dungeon)
  7043 | D:9      | Received a gift from Okawaru
  7692 | D:10     | Entered Level 10 of the Dungeon
  7924 | D:10     | Found Yvelavef's Armour Emporium.
  7932 | D:10     | Bought a +2 cloak of poison resistance for 240 gold pieces
  8134 | D:10     | Reached XP level 11. HP: 94/94 MP: 10/10
  8137 | D:10     | Noticed a fire dragon
  8138 | D:10     | Found the +7 great mace "Firestarter" {inner flame, rF++}
  8154 | D:10     | Killed a fire dragon
  8171 | D:10     | Reached skill level 13 in Unarmed Combat
  8337 | D:10     | Noticed a green ugly thing
  8347 | D:10     | Killed a green ugly thing
  8470 | D:11     | Noticed a two-headed ogre
  8477 | D:11     | Killed a two-headed ogre
  8489 | D:11     | Identified a scroll of acquirement
  8491 | D:11     | Acquired a +1 hat of see invisible
  8523 | D:11     | Found a staircase to the Orcish Mines.
  8619 | D:10     | Noticed a two-headed ogre
  8634 | D:10     | Killed a two-headed ogre
  8678 | D:11     | Found a flickering gateway to a bazaar.
  8684 | D:11     | Engulfed by a cloud of freezing vapour

Illustrated notes

Levels and vault maps discovered:
D:1:      dpeg_arrival_water_temple_mockup, layout_basic, minmay_tromino_mix6
D:2:      layout_basic, uniq_natasha, uniq_robin
D:3:      layout_loops_ring, grunt_ministairs_12,
          chequers_serial_rivers_micro_b, kennysheep_cross_bottleneck
D:4:      layout_loops_ring, ebering_ghost_inner_flame, uniq_blork_the_orc
D:5:      layout_rooms, minmay_temple_entry_junction
D:6:      layout_basic
D:7:      layout_basic, lemuel_tele_altar, serial_shops, shop,
          chequers_serial_rivers_large_b, uniq_duvessa
D:8:      layout_loops_cross, minmay_alternating_orb
D:9:      layout_basic, dpeg_oklobed_lair, serial_shops, shop,
          ebering_ghost_gozag
D:10:     minmay_firetagon, layout_irregular_city, serial_shops, shop
D:11:     layout_irregular_city, david_orc_1_choice, serial_shops, freezing_bzr,
          serial_bayou_pond_c
Temple:   regret_index_temple_sigil_plot

Skill      XL: |  1  2  3  4  5  6  7  8  9 10 11 |
---------------+----------------------------------+-----
Armour         | 1 2 3 4 |  4.5
Unarmed Combat | 4 5 6 8 9 11 12 13 | 13.3
Throwing       | 2 4 6 |  6.9
Shields        | 2 4 5 6 |  6.3
Fighting       | |  2.4
Dodging        | |  2.4
Stealth        | |  1.0

Action                   |  1- 3 |  4- 6 |  7- 9 | 10-12 || total
-------------------------+-------+-------+-------+-------++-------
Melee: Unarmed           |    79 |   151 |   264 |   238 ||   732
       Punch             |     2 |     2 |     3 |       ||     7
Throw: Boomerang         |       |       |     4 |       ||     4
Invok: Heroism           |       |       |     3 |     5 ||     8
  Use: Scroll            |       |       |       |    13 ||    13
 Stab: Sleeping          |     3 |     3 |     4 |       ||    10
       Distracted        |       |       |     1 |       ||     1
Armor: Robe              |    28 |     4 |    83 |     6 ||   121
       Animal skin       |     9 |    26 |       |       ||    35
       Acid dragon scale |       |       |       |    49 ||    49
       Steam dragon scal |       |       |       |     9 ||     9
       Skin              |       |       |       |     1 ||     1
       Fire dragon scale |       |       |       |     2 ||     2
Dodge: Dodged            |    55 |    77 |    88 |    68 ||   288
Block: Kite shield       |       |       |    70 |   146 ||   216
       Reflection        |       |       |       |     3 ||     3
